 Dungeon Crawl Stone Soup version 0.22.1-2-g9c5b331 (webtiles) character file.

5266 Anon1729 the Archer (level 10, -1/71 HPs)
             Began as a Gnoll Wanderer on Nov 14, 2018.
             Was a Believer of Hepliaklqana.
             Splashed by a jelly's acid (7 damage)
             ... on level 8 of the Dungeon.
             The game lasted 00:27:08 (11159 turns).

Anon1729 the Archer (Gnoll Wanderer)               Turns: 11159, Time: 00:27:11

Health: -1/71      AC: -7    Str: 14    XL:     10   Next: 62%
Magic:  36/36      EV: 21    Int: 18    God:    Hepliaklqana [**....]
Gold:   381        SH:  0    Dex: 17    Spells: 19/19 levels left

rFire    . . .     SeeInvis .   N - +4 quarterstaff (chaos)
rCold    . . .     Gourm    .   (shield currently unavailable)
rNeg     + + +     Faith    .   e - +0 robe
rPois    .         Spirit   .   E - -5 hat of Vampiric Thralls {*Slow rN+++ MP+9 Dex+2}
rElec    .         Reflect  .   z - +2 cloak
rCorr    .         Harm     .   (no gloves)
MR       .....                  (no boots)
Stlth    ++++......             (no amulet)
HPRegen  0.21/turn              H - +5 ring of evasion
MPRegen  0.25/turn              M - ring of magical power

@: corroded
A: distributed training, reduced essence, fangs 1, strong nose
a: Recall Ancestor, Ancestor Identity, Renounce Religion


You were on level 8 of the Dungeon.
You worshipped Hepliaklqana.
Hepliaklqana was pleased with you.
You were hungry.

You visited 2 branches of the dungeon, and saw 9 of its levels.

You collected 564 gold pieces.
You spent 183 gold pieces at shops.

Inventory:

Hand Weapons
 a - a +2 shortbow
 f - a +0 dagger
 N - a +4 quarterstaff of chaos (weapon)
Missiles
 b - 69 arrows
 o - 306 stones (quivered)
 p - 7 javelins
 r - 8 poisoned needles
 s - 95 bolts
 w - 13 tomahawks
 x - 74 sling bullets
Armour
 e - a +0 robe (worn)
 z - a +2 cloak (worn)
 E - the -5 hat of Vampiric Thralls (worn) {*Slow rN+++ MP+9 Dex+2}
   (You found it on level 4 of the Dungeon)

   It affects your dexterity (+2).
   It renders you almost immune to negative energy.
   It affects your magic capacity (+9).
   It may slow you when you take damage.
Jewellery
 h - an uncursed ring of flight
 u - an uncursed ring of magical power
 G - an uncursed ring of wizardry
 H - a +5 ring of evasion (left hand)
 M - a ring of magical power (right hand)
Wands
 t - a wand of enslavement (4)
 L - a wand of disintegration (25)
Scrolls
 c - 4 scrolls of teleportation
 i - 3 scrolls of enchant weapon {unknown}
 k - 12 scrolls of identify
 l - 2 scrolls of noise {unknown}
 m - a scroll of magic mapping {unknown}
 y - 8 scrolls of remove curse
 A - 3 scrolls of immolation {unknown}
 C - a scroll of enchant armour {unknown}
 D - 2 scrolls of fear
 F - 3 scrolls of fog
 J - 2 scrolls of blinking {unknown}
 O - a scroll of amnesia {unknown}
Potions
 d - a potion of haste {unknown}
 j - a potion of magic {unknown}
 n - 2 potions of degeneration {unknown}
 q - a potion of might {unknown}
 v - a potion of cancellation {unknown}
 B - 2 potions of brilliance {unknown}
 I - 4 potions of curing
 K - a potion of heal wounds
Comestibles
 g - 8 rations
 P - 15 chunks of flesh


   Skills:
 + Level 7.1 Fighting
 + Level 5.3 Short Blades
 + Level 5.3 Long Blades
 + Level 5.3 Axes
 + Level 5.3 Maces & Flails
 + Level 5.3 Polearms
 + Level 5.3 Staves
 + Level 5.3 Slings
 + Level 10.0 Bows
 + Level 5.3 Crossbows
 + Level 6.0 Throwing
 + Level 5.3 Armour
 + Level 6.0 Dodging
 + Level 6.9 Stealth
 + Level 5.3 Shields
 + Level 5.3 Unarmed Combat
 + Level 5.3 Spellcasting
 + Level 4.4 Conjurations
 + Level 4.4 Hexes
 + Level 4.4 Charms
 + Level 4.4 Summonings
 + Level 4.4 Necromancy
 + Level 4.4 Translocations
 + Level 4.4 Transmutations
 + Level 4.4 Fire Magic
 + Level 4.4 Ice Magic
 + Level 4.4 Air Magic
 + Level 4.4 Earth Magic
 + Level 4.4 Poison Magic
 + Level 5.9 Invocations
 + Level 5.3 Evocations


You had 19 spell levels left.
You didn't know any spells.
Your spell library contained the following spells:

 Spells                   Type           Power        Failure   Level  Hunger
 Flame Tongue             Conj/Fire      ###..        1%          1    None
 Throw Flame              Conj/Fire      ###...       3%          2    #......
 Conjure Flame            Conj/Fire      ###.....     6%          3    ##.....
 Inner Flame              Hex/Fire       ###.....     6%          3    ##.....
 Sticky Flame             Conj/Fire      ###.....     21%         4    ####...
 Fireball                 Conj/Fire      ###.......   50%         5    ######.


Dungeon Overview and Level Annotations

Branches:
Dungeon (8/15)             Temple (1/1) D:4
   Lair: D:8-11

Altars:
Ashenzari
Cheibriados
Dithmenos
Elyvilon
Gozag
Hepliaklqana
Kikubaaqudgha
Makhleb
Okawaru
Qazlal
Ru
Sif Muna
Uskayaw
Vehumet
Wu Jian
Xom
Yredelemnul
Zin

Shops:
D:5 (?[!   D:6 *   D:7 !=

Annotations:
D:8 3 runed doors


Innate Abilities, Weirdness & Mutations

Your experience applies equally to all skills.
You have very sharp teeth.
Your uncanny sense of smell can sniff out nearby items.
Your life essence is reduced to manifest your ancestor. (-10% HP)


Message History

* * * LOW HITPOINT WARNING * * *
The jelly is almost dead.
The orc closely misses you.
The orc hits Masteroftime but does no damage.
The jelly closely misses you.
The bullfrog hits Masteroftime!
An orc comes into view. It is wielding a club.
Unknown command.
Masteroftime hits the bullfrog with a dagger of draining!
Masteroftime points at the bullfrog and mumbles some strange words.
The bullfrog resists with some effort.
Masteroftime barely misses the bullfrog.
The orc closely misses you.
You hit the jelly but do no damage.
Your hands burn!
* * * LOW HITPOINT WARNING * * *
You bite the jelly, but do no damage.
The jelly is almost dead.
The jelly hits you.
* * * LOW HITPOINT WARNING * * *
You are splashed with acid!
The acid burns!
You die...

####......#
#.####.# #.R.#
###.# #...# .#
####.###...#
#...........
##.#.#######
#.#)....@#
#.#....#J###
#.#....#o..#######.
#.#.##.............
#............R....o
###...........o....
#####.....)..)...
#.....)......
#............


You could see a jelly and an orc.

Vanquished Creatures
  Pikel (D:8)
  Maurice (D:8)
  Prince Ribbit (D:8)
  A hippogriff (D:7)
  Sigmund (D:4)
  Eustachio (D:4)
  A water moccasin (D:7)
  3 orc warriors
  A phantom (D:7)
  A slave (D:8)
  A black bear (D:8)
  7 ogres
  2 centaurs
  3 bullfrogs
  2 scorpions
  5 wights
  A howler monkey (D:8)
  6 crimson imps
  A bullfrog zombie (D:5)
  A centaur skeleton (D:6)
  3 hounds
  A jelly (D:7)
  An orc wizard (D:7)
  2 iguanas (D:7)
  A worker ant (D:4)
  6 adders
  A howler monkey skeleton (D:7)
  An ooze (D:6)
  A worm (D:2)
  5 dart slugs
  3 leopard geckos
  4 orcs
  A bat (D:3)
  2 giant cockroaches
  9 hobgoblins
  9 jackals
  4 quokkas
  2 ball pythons (D:1)
  8 frilled lizards
  12 goblins
  A jackal skeleton (D:4)
  5 kobolds
  4 rats
127 creatures vanquished.

Vanquished Creatures (collateral kills)
  An ugly thing (D:8)
  A hippogriff (D:7)
  2 slaves (D:8)
  An ice beast (D:7)
  A phantom (D:7)
  2 bullfrogs
  A scorpion (D:7)
  A killer bee (D:7)
  A crimson imp (D:6)
  Crazy Yiuf (D:6)
  A hound (D:8)
  A jelly (D:8)
  A centaur skeleton (D:7)
  An orc priest (D:6)
  An iguana (D:5)
  2 orc wizards (D:5)
  A worker ant (D:8)
  A worker ant zombie (D:7)
  An adder (D:8)
  3 shadow imps
  An adder skeleton (D:7)
  2 worms
  A leopard gecko (D:7)
  4 orcs
  2 quokkas (D:7)
  A jackal skeleton (D:6)
36 creatures vanquished.

Vanquished Creatures (others)
  A bullfrog (D:7)
  A hound skeleton (D:8)
  6 ancestors
  A jackal (D:8)
  7 toadstools (D:1)
16 creatures vanquished.

Grand Total: 179 creatures vanquished

Notes
Turn   | Place    | Note
-------+----------+-------------------------------------------
     0 | D:1      | Anon1729 the Gnoll Wanderer began the quest for the Orb.
     0 | D:1      | Anon1729 set off with: a +2 shortbow, 28 arrows, a scroll
                  | of teleportation, a potion of curing, a +0 robe, a +0
                  | dagger, a ration
     0 | D:1      | Reached XP level 1. HP: 20/20 MP: 1/1
   353 | D:1      | Reached XP level 2. HP: 22/26 MP: 2/2
   894 | D:1      | Reached XP level 3. HP: 23/31 MP: 3/3
  1379 | D:2      | Reached skill level 1 in Invocations
  1766 | D:2      | Reached skill level 1 in Short Blades
  1766 | D:2      | Reached skill level 1 in Long Blades
  1766 | D:2      | Reached skill level 1 in Axes
  1766 | D:2      | Reached skill level 1 in Maces & Flails
  1766 | D:2      | Reached skill level 1 in Polearms
  1766 | D:2      | Reached skill level 1 in Staves
  1766 | D:2      | Reached skill level 1 in Slings
  1766 | D:2      | Reached skill level 1 in Crossbows
  1766 | D:2      | Reached skill level 1 in Armour
  1766 | D:2      | Reached skill level 1 in Shields
  1766 | D:2      | Reached skill level 1 in Unarmed Combat
  1766 | D:2      | Reached skill level 1 in Spellcasting
  1766 | D:2      | Reached skill level 1 in Evocations
  1843 | D:2      | Reached XP level 4. HP: 26/38 MP: 5/5
  2430 | D:3      | Found a shadowy altar of Dithmenos.
  2946 | D:4      | Reached skill level 1 in Conjurations
  2946 | D:4      | Reached skill level 1 in Hexes
  2946 | D:4      | Reached skill level 1 in Charms
  2946 | D:4      | Reached skill level 1 in Summonings
  2946 | D:4      | Reached skill level 1 in Necromancy
  2946 | D:4      | Reached skill level 1 in Translocations
  2946 | D:4      | Reached skill level 1 in Transmutations
  2946 | D:4      | Reached skill level 1 in Fire Magic
  2946 | D:4      | Reached skill level 1 in Ice Magic
  2946 | D:4      | Reached skill level 1 in Air Magic
  2946 | D:4      | Reached skill level 1 in Earth Magic
  2946 | D:4      | Reached skill level 1 in Poison Magic
  2946 | D:4      | Reached XP level 5. HP: 16/43 MP: 6/6
  3130 | D:4      | Found a burning altar of Makhleb.
  3130 | D:4      | Found a shattered altar of Ashenzari.
  3153 | D:4      | Noticed Eustachio
  3182 | D:4      | Killed Eustachio
  3182 | D:4      | Reached XP level 6. HP: 40/50 MP: 6/8
  3238 | D:4      | Found a staircase to the Ecumenical Temple.
  3260 | Temple   | Entered the Ecumenical Temple
  3312 | Temple   | Became a worshipper of Hepliaklqana the Forgotten
  3339 | D:4      | Reached skill level 5 in Fighting
  3787 | D:4      | Got a scorched hat
  3824 | D:4      | Identified the cursed -5 hat of Vampiric Thralls {*Slow
                  | rN+++ MP+9 Dex+2} (You found it on level 4 of the Dungeon)
  3951 | D:4      | Noticed Sigmund
  3956 | D:4      | Killed Sigmund
  3956 | D:4      | Reached XP level 7. HP: 45/50 MP: 10/10
  4211 | D:5      | Entered Level 5 of the Dungeon
  5388 | D:5      | Found Gatac's Magic Scroll Boutique.
  5396 | D:5      | Bought a scroll of identify for 20 gold pieces
  5396 | D:5      | Bought a scroll of fear for 35 gold pieces
  5396 | D:5      | Bought a scroll of identify for 20 gold pieces
  5396 | D:5      | Bought a scroll of fog for 20 gold pieces
  5451 | D:5      | Found Kecliqud's Armour Shop.
  5628 | D:5      | Found Zuwk's Weapon Emporium.
  5653 | D:5      | Reached skill level 5 in Stealth
  5688 | D:5      | Reached skill level 9 in Bows
  6041 | D:5      | Reached XP level 8. HP: 56/56 MP: 12/12
  6258 | D:5      | Reached * piety under Hepliaklqana
  6330 | D:5      | Found Dumyecwao's Distillery.
  6334 | D:5      | Bought a potion of heal wounds for 55 gold pieces
  6334 | D:5      | Bought a potion of curing for 33 gold pieces
  7235 | D:6      | Found a shimmering altar of Xom.
  7266 | D:6      | Found Iqoem's Elemental Accessories.
  7765 | D:6      | You fall through a shaft!
  7983 | D:7      | Noticed a hippogriff
  8182 | D:7      | Noticed a hippogriff
  8217 | D:7      | Killed a hippogriff
  8455 | D:7      | Reached XP level 9. HP: 17/62 MP: 14/14
  9071 | D:6      | Found a runed door.
  9178 | D:6      | Noticed Crazy Yiuf
  9202 | D:6      | Killed Crazy Yiuf
  9436 | D:7      | Reached skill level 5 in Throwing
  9436 | D:7      | Reached skill level 5 in Dodging
 10170 | D:7      | Reached ** piety under Hepliaklqana
 10171 | D:7      | Remembered your ancestor Masteroftime as a hexer
 10210 | D:7      | Reached skill level 5 in Invocations
 10453 | D:7      | Found Aschiuxeu's Jewellery Emporium.
 10458 | D:7      | Found an iron altar of Okawaru.
 10525 | D:7      | Reached XP level 10. HP: 56/69 MP: 17/17
 10663 | D:7      | Found Kosix's Distillery.
 10744 | D:7      | Found a deep blue altar of Sif Muna.
 10745 | D:7      | Found a snail-covered altar of Cheibriados.
 10793 | D:8      | Noticed a cyan ugly thing
 10802 | D:8      | Killed a cyan ugly thing
 10861 | D:8      | Noticed Prince Ribbit
 10862 | D:8      | Found a runed gate.
 10862 | D:8      | Found a runed gate.
 10862 | D:8      | Found a runed gate.
 10884 | D:8      | Killed Prince Ribbit
 10884 | D:8      | Reached skill level 5 in Short Blades
 10884 | D:8      | Reached skill level 5 in Long Blades
 10884 | D:8      | Reached skill level 5 in Axes
 10884 | D:8      | Reached skill level 5 in Maces & Flails
 10884 | D:8      | Reached skill level 5 in Polearms
 10884 | D:8      | Reached skill level 5 in Staves
 10884 | D:8      | Reached skill level 5 in Slings
 10884 | D:8      | Reached skill level 5 in Crossbows
 10884 | D:8      | Reached skill level 5 in Armour
 10884 | D:8      | Reached skill level 5 in Shields
 10884 | D:8      | Reached skill level 5 in Unarmed Combat
 10884 | D:8      | Reached skill level 5 in Spellcasting
 10884 | D:8      | Reached skill level 5 in Evocations
 10936 | D:8      | Noticed Maurice
 10944 | D:8      | Killed Maurice
 10969 | D:8      | Noticed Pikel
 10975 | D:8      | Reached skill level 10 in Bows
 10982 | D:8      | Killed Pikel
 11159 | D:8      | Splashed by a jelly's acid

Skill      XL: |  1  2  3  4  5  6  7  8  9 10 |
---------------+-------------------------------+-----
Invocations    | 1 2 3 4 5 |  5.9
Short Blades   | 1 2 3 4 5 |  5.3
Long Blades    | 1 2 3 4 5 |  5.3
Axes           | 1 2 3 4 5 |  5.3
Maces & Flails | 1 2 3 4 5 |  5.3
Polearms       | 1 2 3 4 5 |  5.3
Staves         | 1 2 3 4 5 |  5.3
Slings         | 1 2 3 4 5 |  5.3
Crossbows      | 1 2 3 4 5 |  5.3
Armour         | 1 2 3 4 5 |  5.3
Shields        | 1 2 3 4 5 |  5.3
Unarmed Combat | 1 2 3 4 5 |  5.3
Spellcasting   | 1 2 3 4 5 |  5.3
Evocations     | 1 2 3 4 5 |  5.3
Conjurations   | 1 2 3 4 |  4.4
Hexes          | 1 2 3 4 |  4.4
Charms         | 1 2 3 4 |  4.4
Summonings     | 1 2 3 4 |  4.4
Necromancy     | 1 2 3 4 |  4.4
Translocations | 1 2 3 4 |  4.4
Transmutations | 1 2 3 4 |  4.4
Fire Magic     | 1 2 3 4 |  4.4
Ice Magic      | 1 2 3 4 |  4.4
Air Magic      | 1 2 3 4 |  4.4
Earth Magic    | 1 2 3 4 |  4.4
Poison Magic   | 1 2 3 4 |  4.4
Throwing       | 3 4 5 6 |  6.0
Dodging        | 3 4 5 6 |  6.0
Fighting       | 5 6 7 |  7.1
Stealth        | 5 6 |  6.9
Bows           | 9 10 | 10.0

Action                   |  1- 3 |  4- 6 |  7- 9 | 10-12 || total
-------------------------+-------+-------+-------+-------++-------
Melee: Dagger            |   123 |    95 |   265 |     1 ||   484
       Bite              |    16 |     6 |    43 |    11 ||    76
       Punch             |       |     1 |     5 |       ||     6
       Quarterstaff      |       |       |    62 |    84 ||   146
 Fire: Shortbow          |    25 |    50 |    88 |       ||   163
Invok: Ancestor Identity |       |       |     1 |       ||     1
       Recall Ancestor   |       |       |     2 |       ||     2
       Ancestor Life: He |       |       |     1 |       ||     1
Evoke: Wand              |       |       |    11 |       ||    11
  Use: Potion            |       |     1 |       |       ||     1
       Scroll            |       |       |       |     2 ||     2
 Stab: Sleeping          |     8 |       |     2 |     4 ||    14
       Distracted        |     1 |       |     2 |     5 ||     8
       Confused          |       |       |     1 |     1 ||     2
       Paralysed         |       |       |       |     4 ||     4
  Eat: Chunk             |     3 |     7 |    13 |     2 ||    25
       Ration            |       |       |     2 |       ||     2
Armor: Robe              |    19 |    23 |       |       ||    42
Dodge: Dodged            |    82 |    76 |   270 |    87 ||   515
